 Dungeon Crawl Stone Soup version 0.15-a0-413-gc6111ba (webtiles) character file.

4440 PolkaDot the Conjurer (level 10, -20/62 (63) HPs)
             Began as a Vampire Conjurer on May 5, 2014.
             Was a Believer of Sif Muna.
             Demolished by an orc warrior
             ... wielding a +0,+0 flail
              (21 damage)
             ... on Level 8 of the Dungeon.
             The game lasted 00:42:28 (7564 turns).

PolkaDot the Conjurer (Vampire Conjurer)            Turns: 7564, Time: 00:42:28

HP -20/62 (63)   AC  6     Str  7      XL: 10   Next:  6%
MP   0/17        EV 12     Int 20      God: Sif Muna [**....]
Gold 339         SH  0     Dex 14      Spells:  4 memorised,  3 levels left

rFire  . . .     SeeInvis +     b - +4 whip (vamp)
rCold  + . .     Clarity  +     r - +2 robe {rC+}
rNeg   . . .     Conserve .     (no shield)
rPois  +         rCorr    .     q - -1 helmet
rElec  .         rRot     .     o - +1 cloak
SustAb . .       Spirit   .     (no gloves)
rMut   .         Warding  .     (no boots)
Saprov . . .     Stasis   .     u - cursed amulet of clarity
MR     +....                    e - ring of flight
                                d - ring of wizardry

@: regenerating quickly, somewhat resistant to hostile enchantments, unstealthy
A: bottle blood, fangs 3, see invisible, poison resistance, unbreathing
a: Bottle Blood, Channel Energy, Forget Spell, Renounce Religion, Evoke Flight


You were on level 8 of the Dungeon.
You worshipped Sif Muna.
Sif Muna was pleased with you.
You were very full.

You visited 2 branches of the dungeon, and saw 9 of its levels.

You collected 339 gold pieces.

Inventory:

Hand weapons
 b - a +4,+4 vampiric whip (weapon)
Armour
 o - a +1 cloak (worn)
 q - a -1 helmet (worn)
 r - a +2 robe of cold resistance (worn)
Magical devices
 f - a wand of slowing (0)
 g - a wand of cold (4)
 j - a wand of frost (12)
 k - a wand of hasting (4)
 l - a wand of flame (6)
 w - a wand of flame (0)
Scrolls
 a - a scroll of teleportation
 i - 2 scrolls of remove curse
 n - 3 scrolls of recharging
 p - a scroll of enchant armour
 s - a scroll of amnesia
 v - a scroll of enchant weapon II
 y - a scroll of identify
Jewellery
 d - a ring of wizardry (left hand)
 e - a ring of flight (right hand)
 m - an uncursed amulet of resist mutation
 u - a cursed amulet of clarity (around neck)
Potions
 h - a potion of might
 x - 2 potions of restore abilities
 z - a potion of agility
Books
 c - a book of Conjurations

   Spells                             Type                      Level
   *Magic Dart                        Conjuration                  1
   *Searing Ray                       Conjuration                  2
   Dazzling Spray                     Conjuration/Hexes            3
   *Fulminant Prism                   Conjuration/Hexes            4
   *Iskenderun's Mystic Blast         Conjuration                  4
   Iskenderun's Battlesphere          Conjuration/Charms           5
 t - a book of Frost

   Spells                             Type                      Level
   Freeze                             Ice                          1
   Throw Frost                        Conjuration/Ice              2
   Ozocubu's Armour                   Charms/Ice                   3
   Throw Icicle                       Conjuration/Ice              4
   Summon Ice Beast                   Ice/Summoning                4
   Condensation Shield                Ice                          4


   Skills:
 - Level 2.1 Dodging
 - Level 3.0 Stealth
 - Level 2.5 Spellcasting
 * Level 10.6 Conjurations
 - Level 8.0 Hexes


You had 3 spell levels left.
You knew the following spells:

 Your Spells              Type           Power        Failure   Level  Hunger
a - Magic Dart            Conj           ####         1%          1    None
d - Iskenderun's Mystic   Conj           #####...     1%          4    ####...
f - Fulminant Prism       Conj/Hex       #####.....   1%          4    ####...
s - Searing Ray           Conj           #####.       1%          2    ##.....


Dungeon Overview and Level Annotations

Branches:
Dungeon (8/15)             Temple (1/1) D:6
   Lair: D:8-11

Altars:
Ashenzari
Cheibriados
Dithmenos
Elyvilon
Fedhas
Kikubaaqudgha
Makhleb
Nemelex Xobeh
Okawaru
Sif Muna
Trog
Vehumet
Xom
Yredelemnul
Zin
The Shining One

Shops:
D:7 (


Innate Abilities, Weirdness & Mutations

Your natural rate of healing is unusually fast.
You can bottle blood from corpses.
You have razor-sharp teeth.*
You have supernaturally acute eyesight.
You can survive without breathing.*
Your system is resistant to poisons.*+


Message History

Unknown command.
Drink which item? (? for menu, Esc to quit)
Okay, then.
Drink which item? (? for menu, Esc to quit)
Okay, then.
Read which item? (? for menu, Esc to quit)
Okay, then.
Casting: Searing Ray
Confirm with . or Enter, or press ? or * to list all spells.
Aiming: Searing Ray
Press: ? - help, Shift-Dir - straight line, f/p - orc warrior
Aim: an orc warrior, wielding a flail and wearing a chain mail (almost dead)
The searing ray hits the orc warrior.
The orc warrior is almost dead.
* * * LOW MAGIC WARNING * * *
The searing ray misses the orc warrior.
The searing ray hits the orc priest.
The orc priest is heavily wounded.
* * * LOW MAGIC WARNING * * *
The orc warrior hits you with a flail!
You die...

#.# ####.# #..... #
###..... ... .........
.... ####.####..... #...
#... ..##.....
#.#..######.##.#.####.##
#..[)oo@.......#.# #.#
........#####.####.# #.#
#####.. ####......# #.#
.... #.......### .#
####. #.......######.#
#. #.......##.....## #.
#................ ..
#........#.##.### #
#........#.##.##


You could see an orc warrior and an orc priest.

Vanquished Creatures
  Pikel (D:5)
  Grinder (D:3)
  A wyvern (D:8)
  A human (D:7)
  Eustachio (D:7)
  A hill giant skeleton (D:7)
  A necrophage (Temple)
  A slave (D:5)
  2 ice beasts
  A sky beast (D:7)
  A phantom (D:7)
  A black bear (D:7)
  2 centaurs
  An orc warrior (D:8)
  Duvessa (D:6)
  4 ogres
  Blork the orc (D:4)
  A giant frog (D:7)
  A gnoll sergeant (D:7)
  A crocodile (D:8)
  2 goliath beetles
  Dowan (D:6)
  3 crimson imps
  An elf zombie (D:7)
  A jelly (D:6)
  A giant frog zombie (D:5)
  6 orc priests
  A centaur skeleton (D:7)
  3 hounds
  Crazy Yiuf (D:6)
  2 iguanas
  4 orc wizards
  4 worker ants
  4 sheep (D:7)
  Ijyb (D:7)
  A hound zombie (D:4)
  A worker ant zombie (D:4)
  A mummy (D:8)
  10 adders
  9 gnolls (D:7)
  A shadow imp (D:5)
  A goliath beetle zombie (D:4)
  3 worms
  A gnoll skeleton (D:5)
  An iguana zombie (D:4)
  3 orc zombies
  An adder zombie (D:4)
  An iguana skeleton (D:7)
  3 giant eyeballs
  5 giant geckos
  26 orcs
  19 bats
  A bat zombie (D:5)
  5 giant cockroaches
  10 goblins
  16 hobgoblins
  4 jackals (D:4)
  5 giant newts
  2 goblin zombies
  A hobgoblin skeleton (D:8)
  10 kobolds
  A kobold zombie (D:4)
  5 quokkas
  2 quokka skeletons
  A quokka zombie (D:4)
  8 rats
  A rat zombie (D:4)
  A spectral orc (D:8)
220 creatures vanquished.

Vanquished Creatures (others)
  2 slaves (D:5)
  An orc wizard (D:5)
  A hound zombie (D:5)
  4 fulminant prisms
  An orc (D:5)
  A giant cockroach (D:5)
10 creatures vanquished.

Grand Total: 230 creatures vanquished

Notes
Turn   | Place    | Note
--------------------------------------------------------------
     0 | D:1      | PolkaDot, the Vampire Conjurer, began the quest for the Orb.
     0 | D:1      | Reached XP level 1. HP: 13/13 MP: 3/3
   185 | D:1      | Reached XP level 2. HP: 19/19 MP: 4/4
   199 | D:1      | Learned a level 2 spell: Searing Ray
   787 | D:2      | Reached XP level 3. HP: 21/24 MP: 2/6
  1141 | D:2      | Reached skill level 4 in Conjurations
  1141 | D:2      | Reached XP level 4. HP: 30/30 MP: 4/8
  1663 | D:3      | Learned a level 4 spell: Iskenderun's Mystic Blast
  1948 | D:3      | Reached XP level 5. HP: 35/35 MP: 5/9
  2130 | D:3      | Found a glowing golden altar of the Shining One.
  2379 | D:3      | Noticed Grinder
  2400 | D:3      | Killed Grinder
  2400 | D:3      | Reached skill level 5 in Conjurations
  2400 | D:3      | Reached XP level 6. HP: 14/41 MP: 1/11
  2614 | D:4      | Found a blossoming altar of Fedhas.
  2616 | D:4      | Found a snail-covered altar of Cheibriados.
  2618 | D:4      | Found an iron altar of Okawaru.
  2622 | D:4      | Gained mutation: Your system is resistant to poisons. [potion of beneficial mutation]
  2707 | D:4      | Noticed Blork the orc
  2741 | D:4      | Killed Blork the orc
  2741 | D:4      | Reached skill level 6 in Conjurations
  2979 | D:4      | Reached XP level 7. HP: 35/46 MP: 1/12
  3334 | D:4      | HP: 2/46 [orc wizard/puff of frost (2)]
  3690 | D:5      | Entered Level 5 of the Dungeon
  3884 | D:5      | Reached skill level 7 in Conjurations
  3890 | D:5      | Learned a level 4 spell: Fulminant Prism
  3943 | D:5      | Noticed Pikel
  3985 | D:5      | Killed Pikel
  3985 | D:5      | Reached XP level 8. HP: 23/52 MP: 1/14
  4056 | D:5      | Reached skill level 8 in Conjurations
  4101 | D:5      | Found a shattered altar of Ashenzari.
  4267 | D:5      | Reached skill level 5 in Hexes
  4477 | D:6      | Found a staircase to the Ecumenical Temple.
  4483 | D:6      | Paralysed by a giant eyeball for 3 turns
  4490 | Temple   | Entered the Ecumenical Temple
  4683 | Temple   | Became a worshipper of Sif Muna the Loreminder
  4704 | D:6      | Paralysed by a giant eyeball for 3 turns
  4711 | D:6      | Paralysed by a giant eyeball for 2 turns
  4717 | D:6      | Paralysed by a giant eyeball for 2 turns
  4892 | D:6      | Noticed Duvessa
  4895 | D:6      | Noticed Dowan
  4901 | D:6      | Killed Duvessa
  4906 | D:6      | Killed Dowan
  5032 | D:6      | Reached XP level 9. HP: 46/54 MP: 7/15
  5201 | D:6      | Noticed Crazy Yiuf
  5214 | D:6      | Killed Crazy Yiuf
  5641 | D:7      | Acquired Sif Muna's first power
  5641 | D:7      | Reached skill level 9 in Conjurations
  5736 | D:7      | Found a glowing silver altar of Zin.
  5736 | D:7      | Found an ancient bone altar of Kikubaaqudgha.
  6088 | D:7      | Found Mnucrul's Antique Weapon Shop.
  6220 | D:7      | Noticed Ijyb
  6251 | D:7      | Killed Ijyb
  6439 | D:7      | Noticed Eustachio
  6464 | D:7      | Killed Eustachio
  6464 | D:7      | Acquired Sif Muna's second power
  6726 | D:7      | Found a radiant altar of Vehumet.
  6726 | D:7      | Found a burning altar of Makhleb.
  6740 | D:7      | Reached skill level 10 in Conjurations
  6917 | D:8      | Found a basalt altar of Yredelemnul.
  7365 | D:8      | Reached XP level 10. HP: 60/62 MP: 17/17
  7562 | D:8      | HP: 1/62 [orc warrior/flail (15)]
  7564 | D:8      | Demolished by an orc warrior

Action                   |  1- 3 |  4- 6 |  7- 9 | 10-12 || total
-------------------------+-------+-------+-------+-------++-------
Melee: Whip              |    85 |   120 |   329 |    11 ||   545
 Cast: Magic Dart        |    10 |       |     4 |       ||    14
       Searing Ray       |     3 |    13 |    60 |     7 ||    83
       Iskenderun's Myst |       |     1 |    15 |     2 ||    18
       Fulminant Prism   |       |       |     4 |       ||     4
Invok: Channel Energy    |       |       |    18 |       ||    18
Evoke: Wand              |       |    12 |     1 |       ||    13
  Use: Potion            |     1 |     5 |     6 |       ||    12
       Scroll            |       |     6 |     6 |       ||    12
 Stab: Sleeping          |     5 |     4 |     4 |     1 ||    14
